Map: Orbital Depot

Players

Loken - Winner!

  • Race: Zerg Zerg
  • League: Platinum
  • Spawn Location: 3:00

dallaskuken - Winner!

  • Race: Protoss Protoss
  • League: Platinum
  • Spawn Location: 1:00

Myran - Winner!

  • Race: Protoss Protoss
  • Spawn Location: 3:00

Natiking

  • Race: Protoss Protoss
  • Spawn Location: 9:00

Pelden

  • Race: Zerg Zerg
  • Spawn Location: 7:00

Fimp

  • Race: Terran Terran
  • Spawn Location: 9:00

VOD

Have the link to the VOD?

Description

Time

  • Played on: April 10, 2017, 5:28 p.m.
  • Length: 13:00
Show
View Real Time Build Order
Export as new Build Order

Loken Zerg - Winner!

Build Orders: Hatch First 

Get SALT Encoding   

  12  0:02  Drone  
  13  0:13  Drone  
  14  0:21  Overlord  
  14  0:40  Drone x2  
  14  0:41  Drone  
  17  0:56  Drone  
  18  1:05  Drone  
  19  1:18  Hatchery  
  18  1:21  Spawning Pool  
  18  1:23  Overlord  
  17  1:27  Drone  
  17  1:30  Extractor  
  17  1:49  Drone x2  
  19  1:56  Drone  
  20  2:16  Queen  
  20  2:17  Hatchery  
  21  2:39  Metabolic Boost  
  21  2:40  Extractor  
  21  2:41  Queen  
  22  2:46  Drone x4  
  26  3:18  Zergling x10  
  31  3:24  Overlord  
  31  3:36  Queen  
  31  3:37  Queen  
  35  3:47  Drone  
  35  3:48  Drone x6  
  42  4:15  Zergling x16  
  50  4:20  Overlord x2  
  50  4:49  Zergling x2  
  50  4:50  Zergling x22  
  49  5:07  Zergling x4  
  49  5:08  Zergling x16  
  59  5:19  Zergling x6  
  62  5:29  Hatchery  
  59  5:42  Zergling x14  
  66  5:44  Overlord x2  
  66  5:48  Lair  
  51  6:22  Zergling x2  
  51  6:23  Zergling x28  
  65  6:37  Drone x8  
  70  6:51  Zergling x12  
  64  7:05  Zergling x20  
  69  7:20  Zergling x10  
  69  7:21  Zergling x4  
  67  7:26  Spire  
  66  7:31  Overseer  
  66  7:32  Overseer  
  47  8:01  Zergling x12  
  47  8:02  Zergling x24  
  61  8:12  Zergling x2  
  62  8:13  Zergling x10  
  57  8:49  Drone, Extractor  
  57  8:50  Drone x6, Extractor  
  57  9:11  Mutalisk  
  57  9:12  Mutalisk x9  
  73  9:24  Zergling x12  
  68  9:29  Queen x2  
  73  9:38  Drone x4  
  73  10:04  Drone  
  73  10:05  Drone x11  
  85  10:25  Mutalisk  
  85  10:28  Overlord x7  
  62  11:50  Hatchery  
  59  12:08  Drone x14  
  63  12:09  Drone x2  
Show
View Real Time Build Order
Export as new Build Order

dallaskuken Protoss - Winner!

Build Orders:  

Get SALT Encoding   

  12  0:01  Probe (Chrono Boost)  
  13  0:12  Probe (Chrono Boost)  
  14  0:16  Pylon  
  14  0:23  Probe (Chrono Boost)  
  15  0:31  Assimilator  
  15  0:34  Gateway  
  15  0:36  Probe (Chrono Boost)  
  16  0:46  Probe (Chrono Boost)  
  17  0:51  Gateway  
  17  0:58  Assimilator, Probe (Chrono Boost)  
  17  1:03  Pylon  
  18  1:09  Probe (Chrono Boost)  
  19  1:21  Cybernetics Core  
  19  1:24  Probe (Chrono Boost)  
  20  1:45  Warp Gate  
  20  1:47  Probe (Chrono Boost)  
  20  1:53  Gateway  
  21  1:56  Gateway  
  21  1:58  Stalker  
  21  1:59  Pylon  
  23  2:02  Stalker  
  25  2:35  Stalker  
  27  2:44  Stalker  
  27  2:50  Nexus  
  29  2:51  Stalker  
  29  2:57  Stalker  
  33  3:29  Stalker x2  
  37  4:15  Probe (Chrono Boost)  
  38  4:25  Probe (Chrono Boost)  
  39  4:36  Probe (Chrono Boost)  
  40  4:45  Sentry x3  
  44  4:46  Sentry, Probe (Chrono Boost)  
  49  4:57  Probe (Chrono Boost)  
  50  5:07  Probe (Chrono Boost)  
  51  5:18  Probe (Chrono Boost)  
  51  5:20  Stalker  
  54  5:32  Pylon  
  54  5:33  Pylon  
  54  5:35  Pylon  
  54  5:51  Stalker x4  
  62  6:13  Robotics Facility, Assimilator  
  62  6:15  Assimilator  
  62  6:27  Stalker x3  
  62  6:28  Stalker  
  56  7:26  Stalker  
  56  7:27  Stalker x3  
  64  7:31  Probe (Chrono Boost)  
  65  7:42  Probe (Chrono Boost)  
  64  7:56  Stalker  
  64  7:57  Stalker x3  
  64  8:19  Warp Prism  
  62  8:51  Pylon  
  62  8:53  Pylon, Probe (Chrono Boost)  
  62  8:54  Pylon, Robotics Bay  
  63  8:56  Immortal  
  67  9:06  Probe (Chrono Boost)  
  68  9:16  Probe (Chrono Boost)  
  69  9:27  Probe (Chrono Boost)  
  70  9:35  Immortal  
  70  9:37  Probe (Chrono Boost)  
  75  9:47  Robotics Facility  
  75  9:51  Forge  
  73  10:04  Nexus  
  73  10:14  Immortal  
  77  10:30  Protoss Ground Weapons Level 1  
  77  10:32  Pylon  
  77  10:33  Pylon  
  77  10:41  Colossus  
  83  10:50  Pylon  
  83  10:52  Pylon  
  83  10:53  Colossus  
  83  10:54  Pylon  
  87  11:35  Colossus  
  87  11:38  Probe (Chrono Boost)  
  94  11:48  Probe (Chrono Boost)  
  93  11:59  Probe (Chrono Boost)  
  93  12:00  Stalker x4  
  96  12:09  Probe (Chrono Boost)  
  93  12:20  Probe (Chrono Boost)  
  100  12:34  Pylon  
  101  12:37  Assimilator, Probe (Chrono Boost)  
  101  12:42  Assimilator  
  101  12:47  Probe (Chrono Boost)  
Show
View Real Time Build Order
Export as new Build Order

Myran Protoss - Winner!

Build Orders:  

Get SALT Encoding   

  12  0:03  Probe (Chrono Boost)  
  13  0:18  Probe (Chrono Boost)  
  14  0:26  Pylon  
  14  0:29  Probe (Chrono Boost)  
  15  0:45  Probe (Chrono Boost)  
  15  0:46  Forge  
  16  0:50  Pylon  
  16  0:55  Probe (Chrono Boost)  
  17  1:08  Probe (Chrono Boost)  
  18  1:20  Gateway  
  18  1:25  Photon Cannon  
  18  1:26  Probe (Chrono Boost)  
  19  1:52  Photon Cannon, Probe (Chrono Boost)  
  20  1:56  Pylon  
  20  2:05  Photon Cannon  
  20  2:08  Probe (Chrono Boost)  
  21  2:21  Photon Cannon  
  21  2:34  Photon Cannon  
  21  2:36  Photon Cannon  
  21  2:40  Probe (Chrono Boost)  
  21  2:43  Zealot  
  24  2:50  Photon Cannon  
  24  3:06  Photon Cannon  
  24  3:15  Photon Cannon  
  24  3:18  Pylon  
  24  3:29  Pylon  
  24  3:39  Photon Cannon  
  24  3:42  Zealot  
  24  3:43  Probe (Chrono Boost)  
  27  4:05  Nexus  
  27  4:07  Pylon  
  27  4:24  Gateway  
  27  4:25  Zealot  
  27  4:26  Gateway  
  27  4:28  Pylon  
  27  4:30  Pylon  
  29  4:32  Probe (Chrono Boost)  
  29  4:35  Assimilator  
  30  4:40  Assimilator  
  30  4:44  Probe (Chrono Boost)  
  31  4:52  Zealot  
  33  4:55  Probe (Chrono Boost)  
  34  5:04  Pylon  
  34  5:11  Cybernetics Core  
  29  5:27  Nexus  
  29  5:31  Probe (Chrono Boost)  
  29  5:35  Warp Gate  
  28  5:45  Zealot x2  
  28  5:46  Zealot  
  34  6:12  Stalker  
  34  6:16  Stalker  
  38  6:25  Pylon  
  38  6:30  Pylon  
  38  6:32  Pylon x2  
  38  6:34  Pylon  
  38  6:38  Stalker, Assimilator  
  40  6:40  Probe (Chrono Boost)  
  40  6:44  Assimilator  
  40  6:45  Probe (Chrono Boost)  
  42  6:50  Stalker  
  42  6:51  Probe (Chrono Boost)  
  45  6:56  Stalker  
  45  6:57  Probe (Chrono Boost)  
  48  7:02  Probe (Chrono Boost)  
  50  7:09  Probe (Chrono Boost)  
  50  7:12  Probe (Chrono Boost)  
  51  7:15  Stalker  
  51  7:21  Probe (Chrono Boost)  
  55  7:23  Probe (Chrono Boost)  
  55  7:30  Protoss Shields Level 1  
  55  7:35  Probe (Chrono Boost)  
  56  7:46  Stalker x2, Probe (Chrono Boost)  
  47  8:22  Stalker  
  47  8:23  Stalker x2  
  53  8:45  Probe (Chrono Boost)  
  54  9:00  Nexus  
  54  9:02  Pylon  
  54  9:03  Pylon  
  54  9:22  Stalker  
  54  9:23  Stalker x2  
  60  9:36  Photon Cannon  
  60  9:37  Photon Cannon  
  60  9:43  Stargate x2  
  60  9:49  Stalker x2  
  60  9:50  Stalker  
  66  10:36  Fleet Beacon  
  66  10:39  Pylon  
  66  10:40  Stalker  
  66  10:41  Stalker x2  
  66  10:42  Pylon  
  72  10:45  Pylon, Protoss Air Weapons Level 1  
  72  10:48  Probe (Chrono Boost)  
  73  10:58  Probe (Chrono Boost)  
  73  10:59  Probe (Chrono Boost)  
  75  11:06  Stalker  
  75  11:09  Probe x2 (Chrono Boost)  
  79  11:19  Probe (Chrono Boost)  
  79  11:20  Probe (Chrono Boost)  
  77  11:30  Carrier  
  77  11:31  Probe (Chrono Boost)  
  78  11:38  Graviton Catapult  
  90  11:41  Probe (Chrono Boost)  
  83  12:16  Stalker x3  
  89  12:48  Assimilator  
  89  12:52  Assimilator  
Show
View Real Time Build Order
Export as new Build Order

Natiking Protoss 

Build Orders:  

Get SALT Encoding   

  12  0:02  Probe (Chrono Boost)  
  13  0:12  Probe (Chrono Boost)  
  14  0:24  Pylon, Probe (Chrono Boost)  
  15  0:42  Probe (Chrono Boost)  
  16  0:46  Gateway  
  16  0:52  Probe (Chrono Boost)  
  17  1:02  Gateway  
  17  1:03  Probe (Chrono Boost)  
  18  1:12  Pylon  
  18  1:14  Probe (Chrono Boost)  
  19  1:32  Pylon  
  19  1:33  Zealot  
  21  1:42  Assimilator  
  21  1:48  Zealot  
  23  1:57  Pylon  
  23  2:00  Zealot  
  23  2:36  Zealot x2  
  23  2:49  Gateway  
  23  3:03  Zealot  
  23  3:04  Zealot  
  25  3:29  Zealot  
  25  3:30  Zealot  
  29  3:36  Zealot  
  25  3:53  Zealot  
  25  3:57  Zealot  
  29  4:04  Zealot  
  29  4:07  Gateway  
  31  4:16  Zealot  
  31  4:18  Pylon  
  31  4:19  Pylon  
  31  4:20  Pylon  
  33  4:25  Zealot  
  33  4:31  Zealot  
  37  4:51  Cybernetics Core  
  37  4:53  Zealot  
  37  4:54  Zealot  
  37  4:57  Zealot  
  37  4:58  Zealot  
  43  5:19  Zealot  
  43  5:21  Zealot  
  43  5:24  Zealot  
  43  5:25  Zealot  
  51  5:33  Warp Gate  
  51  5:42  Stalker  
  51  5:48  Stalker  
  55  5:51  Stalker  
  55  5:52  Stalker  
  59  6:08  Stalker  
  61  6:18  Stalker  
  61  6:21  Stalker  
  65  6:27  Nexus  
  65  6:40  Stalker  
  67  6:51  Stalker  
  69  7:02  Pylon  
  69  7:29  Stalker  
  69  7:30  Forge  
  69  7:35  Stalker  
  67  7:55  Stalker  
  55  8:01  Stalker  
  55  8:04  Stalker  
  37  8:27  Probe (Chrono Boost)  
  30  8:38  Probe (Chrono Boost)  
  31  8:43  Photon Cannon  
  31  8:47  Stalker  
  33  8:49  Stalker  
  33  8:50  Stalker  
  34  9:11  Zealot  
  34  9:12  Zealot x2  
  28  9:22  Probe (Chrono Boost)  
  25  9:29  Zealot x2  
  27  9:33  Probe (Chrono Boost)  
  27  9:36  Photon Cannon  
  24  9:43  Probe (Chrono Boost)  
  25  9:47  Zealot  
  25  9:48  Zealot  
  30  10:01  Probe (Chrono Boost)  
  30  10:14  Sentry  
  30  10:21  Assimilator  
  32  10:33  Zealot  
  32  10:34  Zealot  
  36  10:36  Zealot  
  38  10:45  Probe (Chrono Boost)  
  39  10:56  Probe (Chrono Boost)  
  37  11:03  Twilight Council  
  34  11:11  Photon Cannon  
    11:57  Probe (Chrono Boost)  
  2  12:09  Probe (Chrono Boost)  
Show
View Real Time Build Order
Export as new Build Order

Pelden Zerg 

Build Orders: Pool First 

Get SALT Encoding   

  12  0:01  Drone  
  13  0:11  Overlord  
  13  0:14  Drone  
  14  0:39  Spawning Pool  
  14  0:41  Drone x3  
  16  0:58  Drone  
  17  1:06  Hatchery  
  17  1:08  Drone  
  17  1:09  Extractor  
  16  1:13  Drone  
  17  1:28  Queen  
  19  1:33  Drone  
  19  1:35  Overlord  
  20  1:46  Drone  
  21  1:51  Roach Warren  
  20  2:01  Drone  
  21  2:23  Zergling x2  
  22  2:31  Roach x3  
  22  2:32  Roach  
  22  2:34  Queen  
  32  2:42  Roach x2  
  32  2:43  Overlord  
  36  2:44  Overlord  
  36  2:48  Extractor  
  36  2:49  Overlord  
  34  3:18  Roach x5  
  40  3:48  Roach x3  
  40  3:54  Roach  
  44  3:57  Drone x4  
  44  4:06  Roach  
  44  4:07  Roach  
  44  4:08  Overlord  
  48  4:25  Roach  
  48  4:26  Roach x3  
  56  4:32  Overlord  
  56  4:33  Overlord  
  56  4:34  Roach x2  
  60  4:43  Roach x2  
  64  4:52  Drone  
  65  4:53  Evolution Chamber  
  54  5:09  Roach  
  54  5:10  Roach x5  
  62  5:28  Roach  
  62  5:29  Roach x3  
  68  5:58  Hatchery  
  55  6:11  Roach  
  55  6:12  Roach x4  
  49  6:26  Roach  
  49  6:27  Roach  
  53  6:33  Roach  
  55  6:40  Roach  
  55  6:41  Roach x3  
  49  7:03  Roach x3  
  55  7:13  Roach  
  45  7:24  Roach  
  45  7:25  Roach  
  49  7:31  Roach  
  45  7:47  Ravager x3  
  27  10:00  Roach  
  27  10:01  Roach x3  
  27  10:02  Roach x10  
  55  10:07  Zerg Missile Weapons Level 1  
  55  10:23  Ravager x2  
  55  10:24  Ravager x2  
Show
View Real Time Build Order
Export as new Build Order

Fimp Terran 

Build Orders:  

Get SALT Encoding   

  12  0:01  SCV  
  13  0:14  SCV  
  14  0:18  Supply Depot  
  14  0:26  SCV  
  15  0:40  SCV  
  15  0:42  Barracks  
  16  0:52  SCV  
  17  1:04  Barracks  
  17  1:05  Refinery  
  17  1:06  SCV  
  18  1:18  SCV  
  19  1:33  Marine  
  19  1:35  Orbital Command  
  20  1:53  Marine  
  22  1:55  Barracks Reactor  
  21  2:11  Marine  
  21  2:15  Bunker  
  21  2:29  Marine  
  22  2:37  Marine  
  22  2:41  Supply Depot  
  23  3:00  Supply Depot  
  23  3:03  Marine x3  
  26  3:18  SCV  
  27  3:20  Marine  
  27  3:23  Command Center  
  28  3:41  Marine x3  
  29  4:03  Marine x2  
  29  4:04  Marine  
  30  4:10  SCV  
  31  4:22  Factory, SCV  
  32  4:26  Marine x3  
  35  4:41  SCV  
  36  4:46  Marine x3  
  39  4:53  Barracks  
  39  5:05  Marine  
  39  5:06  Marine x2  
  41  5:22  Factory Reactor  
  41  5:25  Starport  
  41  5:28  Orbital Command  
  38  5:37  Marine x3  
  41  5:52  SCV  
  41  5:56  Refinery  
  42  5:59  SCV  
  43  6:07  SCV  
  43  6:09  Marine  
  43  6:10  Marine x2  
  47  6:14  Barracks  
  47  6:26  Factory Reactor  
  47  6:33  Marine x3  
  48  6:59  Marine  
  48  7:00  Marine x2  
  50  7:05  Medivac x2  
  53  7:17  Marine  
  53  7:21  Marine  
  49  7:26  Barracks Reactor  
  49  7:28  Barracks Reactor  
  48  7:30  Barracks Tech Lab  
  48  7:34  Widow Mine x2  
  48  7:35  Marine  
  53  7:42  Marine  
  53  7:43  Medivac x2  
  54  7:52  Stimpack  
  54  7:56  Supply Depot x2  
  54  8:09  Marine  
  54  8:14  Marine  
  54  8:16  Marine  
  54  8:17  Widow Mine x2  
  72  8:27  Marine, Medivac x2  
  61  8:47  Marine x3  
  61  8:48  Widow Mine x2  
  68  9:05  Marine  
  69  9:14  Marine  
  70  9:22  Supply Depot  
  70  9:23  Supply Depot  
  70  9:43  Marine x4, Medivac x2  
  70  9:44  Marine  
  79  9:48  Widow Mine x2  
  83  9:59  Combat Shields  
  83  10:01  Marine x3  
  83  10:04  Marine  
  73  10:15  Marine  
  73  10:16  Medivac  
  73  10:17  Medivac  
  73  10:19  Marine x3  
  74  10:24  Marine  
  75  10:33  Marine  
  74  10:36  Marine  
  75  10:43  Marine x3  
  75  10:44  Widow Mine x2  
  75  10:46  Medivac  
  84  10:51  Marine  
  84  10:54  Marine  
  86  11:09  Marine  
  86  11:10  Marine  
  86  11:11  Marine  
  86  11:14  Marine  
  86  11:15  Marine  
  83  11:24  Barracks Reactor  
  74  11:27  Marine  
  74  11:28  Marine  
  74  11:29  Marine  
  74  11:32  Marine  
  76  11:33  Marine  
  69  11:59  SCV  
  69  12:00  SCV  
  69  12:01  Marine x7  
  71  12:02  Widow Mine  
  71  12:03  Widow Mine  
  71  12:04  Medivac x2  
  82  12:18  Marine x2  
  82  12:21  Marine x2  
Tags
 
Add a new tag
Caveats
  • Supply blocks, unpowered buildings, or Contaminate may cause inaccurate times.
  • Supply counts are checked every 10 seconds.